 Dungeon Crawl Stone Soup version 0.27-a0-216-g1fbed8a51c (webtiles) character file.

Game seed: 13790517043326091926

5717 dolemite99 the Cleaver (level 10, -4/86 HPs)
             Began as a Hill Orc Monk on Feb 1, 2021.
             Was a Priest of Yredelemnul.
             Slain by an orc knight
             ... wielding a +0 great sword
              (25 damage)
             ... on level 8 of the Dungeon.
             The game lasted 00:19:49 (13283 turns).

dolemite99 the Cleaver (Hill Orc Monk)             Turns: 13283, Time: 00:19:50

Health: -4/86      AC: 20    Str: 18    XL:     10   Next: 76%
Magic:  14/14      EV:  7    Int: 10    God:    Yredelemnul [***...]
Gold:   117        SH:  0    Dex: 13    Spells: 9/9 levels left

rFire    . . .     SeeInvis .   v - +0 battleaxe
rCold    + . .     Faith    .   (shield currently unavailable)
rNeg     . . .     Spirit   .   w - +0 plate armour
rPois    .         Reflect  .   o - +2 helmet
rElec    .         Harm     .   y - scarf {+Inv}
rCorr    .         Rampage  .   (no gloves)
Will     .....                  K - +1 pair of boots {Stlth+}
Stlth    ..........             (no amulet)
HPRegen  0.24/turn              p - ring of protection from cold
MPRegen  0.14/turn              m - ring of flight

@: no status effects
A: no striking features
a: Renounce Religion, Evoke Invisibility, Evoke Flight, Recall Undead Slaves,
Injury Mirror, Animate Dead


You were on level 8 of the Dungeon.
You worshipped Yredelemnul.
Yredelemnul was most pleased with you.
You visited 1 branch of the dungeon, and saw 8 of its levels.

You collected 471 gold pieces.
You spent 354 gold pieces at shops.

Inventory:

Hand Weapons
 a - a +0 hand axe
 b - a +1 shortbow
 v - a +0 battleaxe (weapon)
Missiles
 c - 333 stones
 q - 50 poisoned darts (quivered)
 x - 73 arrows
 B - 11 boomerangs
 E - 2 boomerangs of dispersal
Armour
 o - a +2 helmet (worn)
 w - a +0 plate armour (worn)
 y - a scarf of invisibility (worn)
 K - a +1 pair of boots of stealth (worn)
Magical Staves
 d - an uncursed staff of fire {unknown}
Jewellery
 l - an uncursed ring of magical power
 m - a ring of flight (right hand)
 p - a ring of protection from cold (left hand)
 H - an uncursed ring of magical power
Wands
 h - a wand of acid (3)
 i - a wand of digging (1)
 n - a wand of polymorph (4)
Scrolls
 e - 4 scrolls of teleportation
 f - 6 scrolls of remove curse {@r2}
 s - 4 scrolls of magic mapping
 u - a scroll of blinking
 N - a scroll of fear
Potions
 g - 2 potions of ambrosia {unknown}
 j - a potion of curing
 k - a potion of magic {unknown}
 r - a potion of might {unknown}
 z - a potion of flight {unknown}
 A - a potion of cancellation {unknown}
 F - a potion of degeneration {unknown}
 J - 2 potions of attraction {unknown}
 L - 3 potions of mutation {unknown}
 M - a potion of berserk rage {unknown}


   Skills:
 - Level 7.2 Fighting
 + Level 14.6 Axes
 - Level 9.2 Armour
 - Level 2.4 Dodging
 - Level 1.5 Stealth
 - Level 5.4 Invocations


You had 9 spell levels left.
You didn't know any spells.
Your spell library contained the following spells:

 Spells                   Type           Power        Failure   Level
 Apportation              Tloc           0%           100%        1
 Corona                   Hex            0%           100%        1
 Sting                    Tmut/Pois      0%           100%        1
 Ensorcelled Hibernation  Hex/Ice        0%           100%        2
 Poisonous Vapours        Pois/Air       0%           100%        2
 Confusing Touch          Hex            0%           100%        3
 Dazzling Flash           Conj/Hex       0%           100%        3
 Gell's Gravitas          Tloc           0%           100%        3
 Ignite Poison            Fire/Tmut/Pois 0%           100%        3
 Lesser Beckoning         Tloc           0%           100%        3
 Mephitic Cloud           Conj/Pois/Air  0%           100%        3
 Tukima's Dance           Hex            0%           100%        3
 Olgreb's Toxic Radiance  Pois           0%           100%        4
 Petrify                  Tmut/Erth      0%           100%        4
 Alistair's Intoxication  Tmut/Pois      0%           100%        5
 Metabolic Englaciation   Hex/Ice        0%           100%        5
 Yara's Violent Unravell  Hex/Tmut       0%           100%        5
 Invisibility             Hex            0%           100%        6


Dungeon Overview and Level Annotations

Branches:
Dungeon (8/15)             Temple (0/1) D:5
   Lair: D:8-11

Altars:
Gozag
Kikubaaqudgha
Nemelex Xobeh
Okawaru
Vehumet
Xom
Yredelemnul
The Shining One
Beogh

Shops:
D:7 =??*

Annotations:
D:3 3 runed translucent doors, foci's ghost, amateur GrFi


Message History

The orc knight is heavily wounded.
The orc knight hits you with a +0 great sword!
You slash the orc knight!
The orc knight is severely wounded.
You slash the orc knight!
The orc knight is almost dead.
The orc knight hits you but does no damage.
Evoke which item? (* to show all) (? for menu, Esc to quit)
Aiming: Corrosive Bolt
Press: ? - help, Shift-Dir - straight line, f/p - orc knight
Aim: an orc knight, wielding a +0 great sword and wearing a +0 plate armour (almost dead, covered in acid, 29% to evade)
The bolt of acid hits the orc knight.
The orc knight is splashed with acid.
The orc knight is almost dead.
The orc knight hits you with a +0 great sword!
* * * LOW HITPOINT WARNING * * *
You closely miss the orc knight.
The orc knight is almost dead.
The orc knight hits you with a +0 great sword!!
You die...
Your body rises from the dead as a mindless zombie.

##...##### #..##.
####..##....# ##.##[
####>...###....#######.##)
#....#### #.....)...))...)
#.....# #.....######.##.
####### #####)# #.##.
########.## #.##.
###....##.Z.# #.##.
#Z##@#####Z#### #.##.
#.##o##.##(##.# #.##.
#...).........# #.##.
#.##.##.##.##.# #.#..
####.#####.##.###...#
#.).# #...####..... ##.##
##### ##..## #.##.##.##.#
#.... [.....))...# #..##


You could see an orc knight (corroded).

Vanquished Creatures
  A two-headed ogre (D:8)
  Pikel (D:5)
  A cyclops (D:8)
  Joseph (D:8)
  Psyche (D:8)
  A slime creature (D:8)
  Eustachio (D:6)
  Menkaure (D:5)
  A water moccasin (D:8)
  Duvessa (D:7)
  3 orc warriors
  An ice beast (D:5)
  2 phantoms
  A sky beast (D:5)
  2 ogres
  4 centaurs
  A lemure (D:4)
  4 big kobolds
  7 bullfrogs
  Dowan (D:7)
  A wyvern skeleton (D:7)
  4 scorpions
  A wight (D:8)
  A quasit (D:8)
  A centaur skeleton (D:8)
  A centaur zombie (D:5)
  A hound (D:6)
  6 orc priests
  5 worker ants
  4 orc wizards
  A killer bee zombie (D:6)
  A hound zombie (D:5)
  A hound skeleton (D:8)
  A howler monkey zombie (D:8)
  A worker ant zombie (D:7)
  A howler monkey skeleton (D:4)
  14 adders
  A shadow imp (D:5)
  A white imp (D:8)
  2 oozes
  2 ufetubi
  A worm (D:3)
  5 leopard geckos
  17 orcs
  4 bats
  7 giant cockroaches
  4 goblins
  3 hobgoblins
  10 jackals
  5 quokkas
  2 ball pythons
  A ball python skeleton (D:5)
  2 frilled lizards (D:4)
  A jackal skeleton (D:7)
  21 kobolds
  A quokka zombie (D:5)
  13 rats
184 creatures vanquished.

Vanquished Creatures (collateral kills)
  A bullfrog (D:7)
  A centaur zombie (D:7)
  A centaur skeleton (D:8)
  A worker ant (D:7)
  A white imp (D:7)
  3 orcs (D:7)
  A hobgoblin (D:3)
9 creatures vanquished.

Vanquished Creatures (others)
  5 bullfrog zombies
  A two-headed ogre zombie (D:8)
  An orc (D:7)
  3 big kobold zombies (D:8)
  2 ogre zombies
  3 adder zombies
  An elf zombie (D:7)
  A human zombie (D:8)
  6 kobold zombies
  2 leopard gecko zombies
  3 orc zombies
  A rat zombie (D:3)
29 creatures vanquished.

Grand Total: 222 creatures vanquished

Notes
Turn   | Place    | Note
-------+----------+-------------------------------------------
     0 | D:1      | dolemite99 the Hill Orc Monk began the quest for the Orb.
     0 | D:1      | Reached XP level 1. HP: 19/19 MP: 1/1
   396 | D:1      | Reached XP level 2. HP: 26/26 MP: 2/2
   532 | D:1      | Reached skill level 5 in Axes
   944 | D:2      | Found a shimmering altar of Xom.
  1000 | D:2      | Reached XP level 3. HP: 31/31 MP: 3/3
  1292 | D:2      | Reached skill level 6 in Axes
  1741 | D:2      | Reached XP level 4. HP: 39/39 MP: 4/4
  2052 | D:3      | Found a runed translucent gate.
  2052 | D:3      | Noticed foci's ghost (amateur GrFi)
  2053 | D:3      | Found a runed translucent gate.
  2054 | D:3      | Found a runed translucent gate.
  2054 | D:3      | Identified the +1 leather armour "Pinin" {Dex+2}
  2055 | D:3      | Found a roughly hewn altar of Beogh.
  2129 | D:3      | Found a basalt altar of Yredelemnul.
  2131 | D:3      | Noticed a profane servitor
  2136 | D:3      | Became a worshipper of Yredelemnul the Dark
  2136 | D:3      | Reached * piety under Yredelemnul
  2136 | D:3      | Reached ** piety under Yredelemnul
  2281 | D:3      | Found a glowing golden altar of the Shining One.
  2331 | D:3      | Reached skill level 7 in Axes
  2962 | D:2      | Found a faded altar of an unknown god.
  3348 | D:4      | Reached skill level 1 in Invocations
  3348 | D:4      | Reached XP level 5. HP: 41/45 MP: 4/6
  3754 | D:4      | Noticed a centaur
  3780 | D:4      | Killed a centaur
  3781 | D:4      | Reached skill level 5 in Invocations
  3781 | D:4      | Reached XP level 6. HP: 42/51 MP: 9/9
  4348 | D:5      | Entered Level 5 of the Dungeon
  4348 | D:5      | Noticed Pikel
  4351 | D:5      | Noticed Menkaure
  5322 | D:5      | Reached skill level 8 in Axes
  5336 | D:5      | Reached XP level 7. HP: 21/58 MP: 11/11
  5851 | D:5      | Killed Menkaure
  5852 | D:5      | Reached skill level 9 in Axes
  6672 | D:5      | Killed Pikel
  6673 | D:5      | Reached skill level 11 in Axes
  6673 | D:5      | Reached XP level 8. HP: 34/66 MP: 12/12
  7364 | D:5      | Reached skill level 5 in Fighting
  7539 | D:5      | Found a staircase to the Ecumenical Temple.
  8094 | D:6      | Found an ancient bone altar of Kikubaaqudgha.
  8336 | D:6      | Reached skill level 1 in Armour
  8432 | D:6      | Reached XP level 9. HP: 49/77 MP: 13/13
  8838 | D:6      | Reached skill level 5 in Armour
  9029 | D:6      | Found an iron altar of Okawaru.
  9034 | D:6      | Found a radiant altar of Vehumet.
  9056 | D:6      | Noticed Eustachio
  9449 | D:6      | Killed Eustachio
 10561 | D:7      | Found Leytt's Assorted Antiques.
 10561 | D:7      | Noticed Duvessa
 10592 | D:7      | Killed Duvessa
 10674 | D:7      | Noticed Dowan
 10682 | D:7      | Your ally Duvessa died
 10703 | D:7      | Killed Dowan
 10798 | D:7      | Bought a pair of runed boots for 202 gold pieces
 10803 | D:7      | Bought 2 fuming ruby potions for 48 gold pieces
 10803 | D:7      | Bought a purple potion for 24 gold pieces
 10820 | D:7      | Found an opulent altar of Gozag.
 11004 | D:7      | Found a sparkling altar of Nemelex Xobeh.
 11326 | D:7      | Found Yshrebiar's Magic Scroll Shop.
 11336 | D:7      | Bought a scroll of fear for 56 gold pieces
 11854 | D:7      | Found Cirof's Jewellery Shop.
 11939 | D:7      | Found Sefewna's Magic Scroll Shoppe.
 11942 | D:7      | Bought a scroll of identify for 24 gold pieces
 12166 | D:8      | Reached skill level 12 in Axes
 12186 | D:8      | Noticed a two-headed ogre
 12198 | D:8      | Killed a two-headed ogre
 12199 | D:8      | Reached XP level 10. HP: 60/86 MP: 14/14
 12357 | D:8      | Noticed Psyche
 12361 | D:8      | Killed Psyche
 12571 | D:8      | Your ally Psyche died
 12578 | D:8      | Reached skill level 13 in Axes
 12646 | D:8      | Noticed Joseph
 12752 | D:8      | Killed Joseph
 13063 | D:8      | Noticed a cyclops
 13085 | D:8      | Killed a cyclops
 13086 | D:8      | Reached skill level 14 in Axes
 13260 | D:8      | Reached *** piety under Yredelemnul
 13262 | D:8      | Noticed an orc knight
 13283 | D:8      | Slain by an orc knight

Illustrated notes

Levels and vault maps discovered:
D:1:      dpeg_arrival_ratfight, layout_basic, amcnicky_mini_pool_small
D:2:      layout_loops_cross, lemuel_round_altar,
          chequers_ecumenical_altar_lobes, st_stairs_1
D:3:      layout_basic, grunt_temple_overflow_holy_war,
          biasface_ghost_orc_armoury
D:4:      layout_basic, minmay_starry_boxes
D:5:      layout_basic, minmay_temple_entry_fiery, uniq_menkaure, uniq_pikel
D:6:      layout_cave_pods, kennysheep_little_box, basic_altar,
          portal_sewer_entry_d, nicolae_benzene_ring, hex_large,
          okawaru_metal_pillars_3, uniq_eustachio
D:7:      layout_loops_ring, grunt_temple_overflow_opulence, serial_shops, shop,
          shop, shop, nicolae_shop_behind_doors, uniq_duvessa
D:8:      hangedman_cross_veins, layout_rooms, grunt_ministairs_10, uniq_joseph,
          uniq_psyche

Skill      XL: |  1  2  3  4  5  6  7  8  9 10 |
---------------+-------------------------------+-----
Axes           | 5 6 7 8 11 12 14 | 14.6
Invocations    | 1 5 |  5.4
Fighting       | 6 7 |  7.2
Armour         | 3 9 |  9.2
Dodging        | |  2.4
Stealth        | |  1.5

Action                   |  1- 3 |  4- 6 |  7- 9 | 10-12 || total
-------------------------+-------+-------+-------+-------++-------
Melee: Hand axe          |   105 |   208 |   419 |       ||   732
       Battleaxe         |       |       |     8 |   135 ||   143
 Fire: Shortbow          |       |    29 |    85 |       ||   114
Throw: Stone             |    11 |    12 |       |       ||    23
       Dart              |       |     5 |    12 |     8 ||    25
Invok: Animate Remains   |       |     4 |    14 |    16 ||    34
       Injury Mirror     |       |     3 |     2 |     1 ||     6
Evoke: Wand              |       |       |     4 |     5 ||     9
  Use: Scroll            |       |    14 |     8 |       ||    22
       Potion            |       |     4 |     6 |     2 ||    12
 Stab: Sleeping          |     2 |     1 |       |       ||     3
       Invisible         |       |       |     2 |       ||     2
       Distracted        |       |       |     1 |     1 ||     2
Armor: Robe              |     4 |       |       |       ||     4
       Ring mail         |    33 |    95 |    48 |       ||   176
       Chain mail        |       |       |    61 |       ||    61
       Plate armour      |       |       |   145 |    94 ||   239
Dodge: Dodged            |    62 |   118 |   151 |    39 ||   370
Block: Buckler           |       |    16 |       |       ||    16

Table legend: (Time is in decaauts)
 A = Elapsed time spent in this place.
 B = Non-inter-level travel time spent in this place.
 C = Inter-level travel time spent in this place.
 D = Time resting spent in this place.
 E = Time spent auto-exploring this place.
 F = Levels seen in this place.
 G = Mean time per level.
                   A        B        C        D        E       F      G
               +--------+--------+--------+--------+--------+-----+--------+
         Total |  13121 |  12683 |    438 |   4634 |   5399 |   8 | 1640.1 |
       Dungeon |  13121 |  12683 |    438 |   4634 |   5399 |   8 | 1640.1 |
               +--------+--------+--------+--------+--------+-----+--------+

Top non-repeatable levels by time:
     D:5: 3409 daAuts
     D:6: 1944 daAuts
     D:4: 1837 daAuts
     D:7: 1763 daAuts
     D:2: 1201 daAuts
     D:8: 1081 daAuts
     D:3: 971 daAuts
     D:1: 911 daAuts
